 Dungeon Sprint DCSS version 0.30-a0-672-gc3a7216ad8 (webtiles) character file.

Game seed: 4894308445118116451

0 rocky1 the Poker (level 1, 0/16 HPs)
             Began as a Demonspawn Gladiator on Jan 19, 2023.
             Slain by a scorpion (2 damage)
             ... in the Dungeon (Sprint VI: "Thunderdome").
             The game lasted 00:00:30 (33 turns).

rocky1 the Poker (Demonspawn Gladiator)               Turns: 33, Time: 00:00:30

Health: 0/16       AC:  4    Str: 14    XL:     1   Next: 58%
Magic:  1/1        EV: 12    Int:  9    God:
Gold:   200        SH:  0    Dex: 14    Spells: 0/0 levels left

rFire   . . .      SeeInvis .    a - +0 trident
rCold   . . .      Faith    .    (no shield)
rNeg    . . .      Spirit   .    b - +0 leather armour
rPois   .          Reflect  .    c - +0 helmet
rElec   .          Harm     .    (no cloak)
rCorr   .          Rampage  .    (no gloves)
Will    .....      NoTele   +    (no boots)
Stlth   +                        (no amulet)
HPRegen 0.22/turn                (no ring)
MPRegen 0.07/turn                (no ring)

@: lethally poisoned (0 -> -11)
A: no striking features
a: no special abilities


You were in the Dungeon.
You visited 1 branch You collected 200 gold pieces.

Inventory:

Hand Weapons
 a - a +0 trident (weapon)
Missiles
 d - 3 throwing nets (quivered)
 e - a javelin
Armour
 b - a +0 leather armour (worn)
 c - a +0 helmet (worn)
Wands
 l - a wand of quicksilver (5)
 m - a wand of roots (5)
Scrolls
 k - 4 scrolls of blinking
 n - 3 scrolls of fog
Potions
 f - a potion of curing
 g - 4 potions of heal wounds
 h - 4 potions of haste
 i - 2 potions of magic
 j - a potion of berserk rage
 o - a potion of resistance


   Skills:
 - Level 2.0 Fighting
 + Level 4.1 Polearms
 - Level 1.7 Throwing
 - Level 2.6 Dodging


You couldn't memorise any spells.
You didn't know any spells.
Your spell library was empty.

Dungeon Overview and Level Annotations

Branches:
Dungeon (1/1)

Altars:
Dithmenos
Kikubaaqudgha
Okawaru
Ru
Sif Muna
Uskayaw
Vehumet
Xom
Yredelemnul

Shops:
D ???:(


Message History

You hit the giant cockroach.
The giant cockroach is heavily wounded.
The giant cockroach bites you but does no damage.
A scorpion comes into view.
The giant cockroach closely misses you.
You hit the giant cockroach.
You kill the giant cockroach!
Your Polearms skill increases to level 4!
Found a shadowy altar of Dithmenos.
Found Bisonopsith's Identification Station.
Found three altars.
You reach to attack!
You hit the scorpion but do no damage. The scorpion stings you.
You hit the scorpion but do no damage. The scorpion barely misses you.
You puncture the scorpion!
The scorpion is moderately wounded.
The scorpion stings you.
You barely miss the scorpion.
The scorpion is moderately wounded.
The scorpion barely misses you. The scorpion completely misses you.
You closely miss the scorpion.
The scorpion is moderately wounded.
The scorpion stings you but does no damage.
You barely miss the scorpion.
The scorpion is moderately wounded.
The scorpion stings you but does no damage.
You hit the scorpion.
The scorpion is heavily wounded.
The scorpion stings you.
You barely miss the scorpion.
The scorpion is heavily wounded.
The scorpion stings you!
You are lethally poisoned!
The scorpion poisons you! The scorpion barely misses you.
You barely miss the scorpion.
The scorpion is heavily wounded.
* * * LOW HITPOINT WARNING * * *
You feel very sick. The scorpion stings you.
You die...

#∩.......∩#
#_........#
#_......._#
#_......._#
###.........###
#⌠...........⌠#
#####.8.........8.###
.___......###......_.
.......@8.# #.8......
......s...###........
.......###...###.....
....... #.<.# .....
....... #...# .....
....... ..###.. ....
........8. .8.. ...
∩___..... ......
#.8.. ...8.#


You could see a scorpion.

Vanquished Creatures
  A worm (D)
  A giant cockroach (D)
2 creatures vanquished.

Notes
Turn   | Place    | Note
-------+----------+-------------------------------------------
     0 | D        | rocky1 the Demonspawn Gladiator began the quest for the
                  | Orb.
     0 | D        | Reached XP level 1. HP: 16/16 MP: 1/1
     1 | D        | Found a radiant altar of Vehumet.
     1 | D        | Found a shimmering blue altar of Sif Muna.
     3 | D        | Found a shimmering altar of Xom.
     4 | D        | Found a hide-covered altar of Uskayaw.
     4 | D        | Found Noezaf's Staff Store.
     4 | D        | Found Seytao's Magic Scroll Shop.
     5 | D        | Found Urusham's Must-Have Magic.
     5 | D        | Found Ydaggeh's Magic Scroll Shop.
     5 | D        | Round 1.
    10 | D        | Found an iron altar of Okawaru.
    11 | D        | Found a basalt altar of Yredelemnul.
    18 | D        | Reached skill level 3 in Polearms
    21 | D        | Noticed a scorpion
    23 | D        | Reached skill level 4 in Polearms
    23 | D        | Found a shadowy altar of Dithmenos.
    24 | D        | Found a sacrificial altar of Ru.
    24 | D        | Found an ancient bone altar of Kikubaaqudgha.
    24 | D        | Found Bisonopsith's Identification Station.
    33 | D        | Slain by a scorpion

Illustrated notes

Levels and vault maps discovered:
D:        arena_sprint

Skill      XL: |  1 |
---------------+----+-----
Polearms       | 4 |  4.1
Fighting       | |  2.0
Throwing       | |  1.7
Dodging        | |  2.6

Action                   || total
-------------------------++-------
Melee: Trident           ||    20
Armor: Leather armour    ||     4
Dodge: Dodged            ||     9

Table legend: (Time is in decaauts)
 A = Elapsed time spent in this place.
 B = Non-inter-level travel time spent in this place.
 C = Inter-level travel time spent in this place.
 D = Time resting spent in this place.
 E = Time spent auto-exploring this place.
 F = Levels seen in this place.
 G = Mean time per level.
                   A        B        C        D        E       F      G
               +--------+--------+--------+--------+--------+-----+--------+
         Total |     35 |     35 |      0 |      0 |      0 |   1 |   35.0 |
       Dungeon |     35 |     35 |      0 |      0 |      0 |   1 |   35.0 |
               +--------+--------+--------+--------+--------+-----+--------+

Top non-repeatable levels by time:
       D: 35 daAuts
